 Dungeon Crawl Stone Soup version 0.29-a0-643-ga013cefcf8 (webtiles) character file.

Game seed: 8399517739157935960

2 fernweh the Sneak (level 1, 0/13 HPs)
             Began as a Gnoll Wanderer on June 19, 2022.
             Slain by a bat (1 damage)
             ... on level 1 of the Dungeon.
             The game lasted 00:01:06 (82 turns).

fernweh the Sneak (Gnoll Wanderer)                    Turns: 82, Time: 00:01:06

Health: 0/13       AC:  2    Str:  9    XL:     1   Next: 30%
Magic:  6/6        EV: 12    Int: 10    God:
Gold:   36         SH:  0    Dex: 14    Spells: 8/9 levels left

rFire   . . .      SeeInvis .   a - +2 dagger
rCold   . . .      Faith    .   (no shield)
rNeg    + . .      Spirit   .   e - +0 robe
rPois   .          Reflect  .   (no helmet)
rElec   .          Harm     .   (no cloak)
rCorr   .          Rampage  .   (no gloves)
Will    .....                   (no boots)
Stlth   +++.......              (no amulet)
HPRegen 0.04/turn               f - ring of positive energy
MPRegen 0.10/turn               (no ring)

@: no status effects
A: fangs 1, strong nose, distributed training
a: no special abilities


You were on level 1 of the Dungeon.
You visited 1 branch of the dungeon, and saw 1 of its levels.

You collected 36 gold pieces.

Inventory:

Hand Weapons
 a - a +2 dagger (weapon)
Armour
 e - a +0 robe (worn)
Jewellery
 f - a ring of positive energy (left hand)
Potions
 b - a potion of might
 c - a potion of curing
 d - a potion of berserk rage
 g - 2 potions of brilliance {unknown}


   Skills:
 + Level 0.0 Fighting
 + Level 0.0 Short Blades
 + Level 0.0 Long Blades
 + Level 0.0 Axes
 + Level 0.0 Maces & Flails
 + Level 0.0 Polearms
 + Level 0.0 Staves
 + Level 0.0 Slings
 + Level 0.0 Bows
 + Level 0.0 Crossbows
 + Level 2.3 Throwing
 + Level 0.0 Armour
 + Level 2.3 Dodging
 + Level 5.8 Stealth
 + Level 0.0 Shields
 + Level 0.0 Unarmed Combat
 + Level 4.8 Spellcasting
 + Level 0.0 Conjurations
 + Level 0.0 Hexes
 + Level 0.0 Summonings
 + Level 0.0 Necromancy
 + Level 0.0 Translocations
 + Level 0.0 Transmutations
 + Level 0.0 Fire Magic
 + Level 0.0 Ice Magic
 + Level 0.0 Air Magic
 + Level 0.0 Earth Magic
 + Level 3.6 Poison Magic
 + Level 0.1 Invocations
 + Level 2.3 Evocations


You had 8 spell levels left.
You knew the following spells:

 Your Spells              Type           Power      Damage    Failure   Level
a - Sting                 Tmut/Pois      24%        1d4       11%         1

Your spell library contained the following spells:

 Spells                   Type           Power      Damage    Failure   Level
 Spider Form              Tmut/Pois      6%         N/A       32%         3


Dungeon Overview and Level Annotations

Branches:
Dungeon (1/15)

Altars:


Innate Abilities, Weirdness & Mutations

You have very sharp teeth.
Your uncanny sense of smell can sniff out nearby items.
Your experience applies equally to all skills.


Message History

There are monsters nearby!
You now have 36 gold pieces (gained 13).
You hit the hobgoblin.
The hobgoblin is severely wounded.
The hobgoblin barely misses you.
You hit the hobgoblin.
You kill the hobgoblin!
A rat and a hobgoblin come into view.
You see here a hobgoblin corpse.
A bat comes into view.
Found a stone staircase leading down.
The bat closely misses you.
The hobgoblin shouts!
The bat hits you but does no damage. The bat hits you.
The bat attacks as you move away! The bat hits you but does no damage.
The bat hits you. The goblin barely misses you.
You barely miss the goblin. The bat barely misses you.
The hobgoblin closely misses you. The goblin misses you.
The hobgoblin attacks as you move away! The hobgoblin hits you.
The bat barely misses you. The goblin barely misses you.
The bat hits you but does no damage.
Found 2 potions of curing.
The goblin attacks as you move away! The goblin hits you with a +0 club.
The bat barely misses you. The hobgoblin attacks as you move away!
The hobgoblin barely misses you. The bat attacks as you move away!
The bat barely misses you. The bat closely misses you.
There is a stone staircase leading down here.
The hobgoblin attacks as you move away! The hobgoblin hits you.
* * * LOW HITPOINT WARNING * * *
The bat closely misses you. The bat attacks as you move away!
The bat barely misses you. The bat closely misses you.
The bat completely misses you. The bat hits you.
* * * LOW HITPOINT WARNING * * *
You hit the bat.
The bat is moderately wounded.
The bat hits you.
You die...

###.#####
#......!# #@# ∆
####b####.# #.
#...g.....#
#.##.##g######
#......>#
#.......##
#........# .
#..#.....#
...#####..##....#


You could see a hobgoblin, a goblin and a bat.

Vanquished Creatures
  A hobgoblin (D:1)
  A goblin (D:1)
2 creatures vanquished.

Notes
Turn   | Place    | Note
-------+----------+-------------------------------------------
     0 | D:1      | fernweh the Gnoll Wanderer began the quest for the Orb.
     0 | D:1      | fernweh set off with the following items: a +2 dagger, a
                  | potion of might, a potion of curing, a potion of berserk
                  | rage, a +0 robe; and the following spell memorised: Sting;
                  | and the following spells available to memorise: Spider
                  | Form.
     0 | D:1      | Reached XP level 1. HP: 13/13 MP: 6/6
    82 | D:1      | Slain by a bat

Illustrated notes

Levels and vault maps discovered:
D:1:      minmay_arrival_four_circles, layout_loops_cross, roderic_roman_lattice

Action                   || total
-------------------------++-------
Melee: Dagger            ||     5
Armor: Robe              ||     3
Dodge: Dodged            ||    16

Table legend: (Time is in decaauts)
 A = Elapsed time spent in this place.
 B = Non-inter-level travel time spent in this place.
 C = Inter-level travel time spent in this place.
 D = Time resting spent in this place.
 E = Time spent auto-exploring this place.
 F = Levels seen in this place.
 G = Mean time per level.
                   A        B        C        D        E       F      G
               +--------+--------+--------+--------+--------+-----+--------+
         Total |     81 |     81 |      0 |      0 |     40 |   1 |   81.0 |
       Dungeon |     81 |     81 |      0 |      0 |     40 |   1 |   81.0 |
               +--------+--------+--------+--------+--------+-----+--------+

Top non-repeatable levels by time:
     D:1: 81 daAuts
